AoeStats
← BottleDry

Fortress

510212571Analyzed
4v4 RM · 2d ago on Sep 30, 2026· 68m 58s· 8 players
Game mode
Random Map
Map size
Huge
Population
200
Speed
Normal
Resources
Standard
Victory
Conquest
Starting age
Dark Age
Ending age
Imperial Age
RankedLock teamsTeams togetherTeam positionsShared explorationLock speedFull tech treeHidden civsTurbo modeCheats
Victory
Defeat
🇦🇷 Poles · Argentina
934
+15
🇷🇺 Burgundians · Russia
875
+17
🇺🇸 Varangians · United States
871
+18
🇦🇷 Byzantines · Argentina
869
+42
🇨🇴 Cumans · Colombia
971
-19
🇨🇦 Mongols · Canada
902
-17
🇲🇽 Byzantines · Mexico
881
-16
🇪🇸 Chinese · Spain
880
-16
bugout
0:34 Loom
8:34 Feudal Age
9:47 Town Watch
16:25 Castle Age
15:39 Double-Bit Axe
15:37 Horse Collar
16:23 Forging
16:14 Scale Mail Armor
16:19 Scale Barding Armor
17:08 Bloodlines
18:01 Gold Mining
19:01 Husbandry
20:55 Town Patrol
24:27 Masonry
26:29 Wheelbarrow
27:33 Fortified Wall
29:21 Chain Barding Armor
29:37 Iron Casting
30:50 Chain Mail Armor
31:19 Gold Shaft Mining
34:14 Ballistics
33:58 Heavy Plow
34:11 Bow Saw
35:27 Hand Cart
35:06 Stone Mining
36:38 Murder Holes
39:31 Imperial Age
39:42 Heavy Camel Rider
42:24 Blast Furnace
45:50 Plate Mail Armor
46:12 Fletching
46:23 Padded Archer Armor
51:29 Bodkin Arrow
51:50 Leather Archer Armor
54:55 Elite Skirmisher
56:50 Chemistry
59:16 Thumb Ring
58:31 Crossbowman
58:38 Light Cavalry
65:15 Pikeman
65:56 Squires
67:31 Onager
THE_LORD
6:13 Feudal Age
7:09 Double-Bit Axe
7:06 Man-at-Arms
15:25 Loom
18:45 Horse Collar
21:02 Wheelbarrow
27:46 Castle Age
26:12 Gold Mining
28:26 Fletching
28:32 Stone Mining
29:19 Gold Shaft Mining
29:07 Capped Ram
30:10 Thumb Ring
32:39 Bodkin Arrow
36:43 Caravan
43:55 Hand Cart
45:12 Scale Barding Armor
45:07 Padded Archer Armor
49:02 Ballistics
48:38 Murder Holes
54:37 Leather Archer Armor
55:06 Bloodlines
56:29 Chain Barding Armor
62:27 Imperial Age
62:39 Elite Steppe Lancer
64:50 Ring Archer Armor
64:03 Heavy Cavalry Archer
65:11 Parthian Tactics
Msk
0:49 Loom
8:37 Feudal Age
8:21 Loom
10:56 Forging
10:52 Scale Barding Armor
12:18 Wheelbarrow
15:19 Castle Age
13:34 Double-Bit Axe
15:13 Horse Collar
16:13 Bow Saw
15:53 Light Cavalry
20:12 Heavy Plow
20:20 Scale Barding Armor
22:00 Husbandry
27:58 Chain Barding Armor
28:38 Iron Casting
28:29 Treadmill Crane
32:06 Imperial Age
30:36 Gold Mining
30:37 Stone Mining
31:14 Fortified Wall
31:00 Murder Holes
33:13 Elite Cataphract
37:33 Plate Barding Armor
38:15 Conscription
38:33 Hoardings
38:05 Fletching
40:34 Stone Shaft Mining
40:37 Gold Shaft Mining
39:49 Hussar
44:49 Logistica
47:39 Hand Cart
59:34 Caravan
62:25 Logistica
69:19 Stone Shaft Mining
69:53 Two-Man Saw
jonasbmas
0:38 Loom
8:54 Feudal Age
10:11 Wheelbarrow
9:23 Double-Bit Axe
9:58 Horse Collar
12:29 Gold Mining
12:34 Stone Mining
15:43 Castle Age
14:12 Town Watch
14:01 Man-at-Arms
17:18 Hand Cart
17:25 Bow Saw
22:09 Pikeman
22:49 Squires
22:54 Long Swordsman
29:44 Imperial Age
30:35 Scale Mail Armor
30:36 Padded Archer Armor
30:26 Fletching
30:47 Forging
30:12 Capped Ram
32:34 Two-Man Saw
32:34 Two-Handed Swordsman
33:58 Conscription
36:44 Siege Ram
39:22 Iron Casting
39:02 Chain Mail Armor
38:56 Halberdier
48:35 Champion
54:27 Heavy Rocket Cart
57:11 Light Cavalry
58:23 Bloodlines
61:11 Caravan
BottleDry
7:52 Feudal Age
11:40 Castle Age
9:55 Horse Collar
10:46 Double-Bit Axe
13:14 Heavy Plow
16:05 Loom
16:34 Bow Saw
16:44 Fletching
20:06 Husbandry
21:13 Wheelbarrow
23:30 Scale Barding Armor
23:36 Forging
24:19 Bloodlines
28:50 Imperial Age
27:45 Chain Barding Armor
28:01 Iron Casting
28:59 Hand Cart
28:22 Vendel Legacy
29:00 Bodkin Arrow
30:09 Plate Barding Armor
30:02 Conscription
29:48 Gold Mining
29:51 Stone Mining
30:07 Cavalier
30:53 Capped Ram
33:02 Blast Furnace
32:19 Squires
33:00 Guilds
32:17 Pikeman
33:48 Halberdier
34:30 Gambesons
35:35 Scale Mail Armor
35:35 Bracer
36:17 Siege Ram
39:51 Chain Mail Armor
42:17 Elite Jarl
47:40 Gothikon
50:04 Plate Mail Armor
51:09 Arson
53:00 Town Watch
56:18 Ballistics
56:58 Chemistry
55:55 Murder Holes
56:25 Light Cavalry
63:54 Fortified Wall
63:50 Siege Engineers
64:00 Fortified Wall
63:59 Siege Engineers
64:05 Masonry
66:06 Padded Archer Armor
65:52 Hussar
76561199137489861
2:25 Loom
4:46 Double-Bit Axe
4:45 Horse Collar
8:00 Feudal Age
7:49 Wheelbarrow
8:51 Bow Saw
8:42 Heavy Plow
10:08 Gold Mining
11:51 Wheelbarrow
14:28 Castle Age
14:50 Gold Shaft Mining
19:14 Cavalier
20:58 Stone Mining
23:17 Two-Man Saw
23:25 Stone Shaft Mining
24:58 Hand Cart
25:11 Town Watch
26:07 Husbandry
26:51 Crop Rotation
30:47 Scale Barding Armor
30:53 Forging
30:44 Scale Mail Armor
32:09 Chain Barding Armor
32:25 Iron Casting
31:40 Fletching
32:24 Burgundian Vineyards
32:53 Ballistics
35:57 Imperial Age
34:18 Bodkin Arrow
37:57 Chemistry
36:56 Paladin
38:27 Plate Barding Armor
42:26 Blast Furnace
41:26 Bracer
42:43 Town Patrol
44:07 Padded Archer Armor
44:23 Chain Mail Armor
46:51 Caravan
55:48 Conscription
56:12 Hoardings
55:43 Light Cavalry
59:36 Hussar
60:35 Pikeman
joaqo9909
6:25 Loom
8:13 Feudal Age
13:53 Castle Age
12:28 Horse Collar
12:36 Double-Bit Axe
18:40 Heavy Plow
24:06 Forging
28:07 Imperial Age
26:19 Iron Casting
25:45 Scale Mail Armor
31:07 Imperial Age
29:14 Bow Saw
30:27 Wheelbarrow
31:07 Chain Mail Armor
30:16 Light Cavalry
31:12 Bloodlines
32:28 Elite Obuch
35:08 Winged Hussar
37:45 Crop Rotation
37:32 Hand Cart
39:21 Lechitic Legacy
40:04 Blast Furnace
42:48 Husbandry
43:19 Plate Mail Armor
42:54 Scale Barding Armor
43:56 Conscription
43:47 Squires
43:33 Arson
54:13 Hoardings
56:35 Chain Barding Armor
Abhyasin
9:27 Feudal Age
13:25 Wheelbarrow
12:35 Double-Bit Axe
15:28 Castle Age
17:15 Pikeman
17:22 Elite Skirmisher
21:35 Gold Mining
23:45 Ballistics
26:55 Imperial Age
26:25 Wheelbarrow
27:46 Padded Archer Armor
27:36 Fletching
30:00 Chemistry
30:45 Halberdier
32:46 Forging
32:36 Scale Mail Armor
38:00 Leather Archer Armor
37:41 Bodkin Arrow
46:03 Bow Saw
47:34 Treadmill Crane
49:13 Hand Cart
50:26 Squires
50:49 Fortified Wall
52:24 Iron Casting
52:05 Chain Mail Armor
51:51 Bracer
52:22 Ring Archer Armor
53:54 Gambesons
59:42 Two-Man Saw
60:20 Plate Mail Armor
61:54 Horse Collar
65:36 Stone Mining
66:22 Gold Shaft Mining
65:50 Murder Holes
65:42 Arrowslits
66:03 Siphons
66:23 Bombard Tower
65:55 Guard Tower
66:20 Scale Barding Armor
67:18 Arson
Connection lost

Rejoining the realm…

Still unreachable

The connection could not be restored.

Session expired

The server has moved on; the page needs a fresh start.